 Dungeon Crawl Stone Soup version 0.28.0 (webtiles) character file.

Game seed: 7175471930369865303

1578 zeram the Cudgeller (level 8, -4/49 HPs)
             Began as a Gargoyle Fighter on Feb 5, 2022.
             Slain by a yak (9 damage)
             ... on level 4 of the Dungeon.
             The game lasted 00:05:48 (4212 turns).

zeram the Cudgeller (Gargoyle Fighter)              Turns: 4212, Time: 00:05:49

Health: -4/49      AC: 13    Str: 23    XL:     8   Next: 91%
Magic:  8/8        EV: 10    Int:  8    God:
Gold:   211        SH:  4    Dex:  9    Spells: 7/7 levels left

rFire   . . .      SeeInvis .   g - +10 flail "Cuhes" {vorpal, Fly}
rCold   . . .      Faith    .   c - +0 buckler
rNeg    + . .      Spirit   .   b - +0 scale mail
rPois   ∞          Reflect  .   (no helmet)
rElec   +          Harm     .   (no cloak)
rCorr   .          Rampage  .   (no gloves)
Will    .....                   (no boots)
Stlth   ..........              (no amulet)
HPRegen 0.16/turn               (no ring)
MPRegen 0.11/turn               (no ring)

@: flying
A: sickness immunity, AC +5, negative energy resistance 1, electricity
resistance, torment resistance 1, petrification resistance
a: no special abilities


You were on level 4 of the Dungeon.
You visited 1 branch of the dungeon, and saw 5 of its levels.

You collected 211 gold pieces.

Inventory:

Hand Weapons
 a - a +0 flail
 g - the +10 flail "Cuhes" (weapon) {vorpal, Fly}
   (You found it on level 3 of the Dungeon)

   It inflicts extra damage upon your enemies.
   Fly:       It grants you flight.
 k - a +0 flail of draining
Armour
 b - a +0 scale mail (worn)
 c - a +0 buckler (worn)
Scrolls
 e - 3 scrolls of teleportation
 h - a scroll of enchant armour {unknown}
 n - a scroll of amnesia {unknown}
 o - a scroll of silence {unknown}
Potions
 d - a potion of might
 f - a potion of curing
 i - 2 potions of resistance
 m - a potion of cancellation


   Skills:
 + Level 5.0 Fighting
 + Level 7.6 Maces & Flails
 + Level 6.9 Armour
 + Level 2.3 Dodging
 + Level 4.8 Shields


You had 7 spell levels left.
You didn't know any spells.
Your spell library contained the following spells:

 Spells                   Type           Power      Damage    Failure   Level
 Cause Fear               Hex            0%         N/A       100%        4
 Dragon Form              Tmut           0%         N/A       100%        7
 Dragon's Call            Summ           0%         N/A       100%        9


Dungeon Overview and Level Annotations

Branches:
Dungeon (5/15)
 Temple: D:4-7

Altars:
Elyvilon
Fedhas
Vehumet


Innate Abilities, Weirdness & Mutations

You are immune to sickness and miasma.
Your stone body is resilient. (AC +5)
You are immune to poison.
You resist negative energy. (rN+)
You are resistant to electric shocks. (rElec)
You are resistant to unholy torment.
You are immune to petrification.


Message History

The yak is moderately wounded.
The yak gores you but does no damage.
You sock the yak!
The yak is severely wounded.
The yak gores you.
You hit the yak.
The yak is severely wounded.
The yak gores you.
You closely miss the yak.
The yak is severely wounded.
The yak gores you but does no damage.
You bludgeon the yak!!
You kill the yak!
Your Fighting skill increases to level 5!
You sock the ufetubus!
You kill the ufetubus!
The scorpion stings you but does no damage.
You hit the scorpion but do no damage. The scorpion closely misses you.
You sock the scorpion!
The scorpion is almost dead.
The scorpion closely misses you.
You hit the scorpion.
You kill the scorpion!
You hit the yak but do no damage. The yak closely misses you.
You barely miss the yak. The yak gores you!
* * * LOW HITPOINT WARNING * * *
You feel better. The yak gores you.
* * * LOW HITPOINT WARNING * * *
Okay, then.
Okay, then.
You barely miss the yak. You block the yak's attack.
You sock the yak!
The yak is moderately wounded.
You block the yak's attack.
You sock the yak!
The yak is severely wounded.
The yak gores you.
* * * LOW HITPOINT WARNING * * *
The yak gores you!
You die...

#... ######## #^## #.>†...#
####.# #.####.# #....#
##########.# #.# #.####
#.........Y# ##.## #.#
#.############...## #.#
#....########Y###.### #.#
#...........@.# #...# #.#####
####....#........###.#.###......
#...............#...#...##..#...
#.#...<.....................#...
#.#................##...........
#.#................##...#...####
#.#......[...................#
#.#.......#.......###...#...##
#.#.......).......# ##.###.##


You could see a yak.

Vanquished Creatures
  The ghost of SnakkuSnakku7 the Skirmisher, an amateur TeEn of Gozag (D:4)
  Sigmund (D:4)
  3 yaks
  The ghost of crazypyro the Sneak, an amateur DsBr (D:4)
  2 sky beasts (D:4)
  2 phantoms (D:5)
  A scorpion (D:4)
  A hound (D:4)
  A centaur skeleton (D:4)
  A jelly (D:4)
  Natasha (twice) (D:2)
  6 adders
  4 gnolls (D:4)
  An ufetubus (D:4)
  5 worms
  A dart slug (D:5)
  An orc (D:5)
  5 ball pythons
  8 endoplasms
  5 giant cockroaches
  7 goblins
  2 hobgoblins (D:1)
  4 jackals (D:3)
  6 kobolds
  2 quokkas
  7 bats
  4 frilled lizards
  4 rats
88 creatures vanquished.

Notes
Turn   | Place    | Note
-------+----------+-------------------------------------------
     0 | D:1      | zeram the Gargoyle Fighter began the quest for the Orb.
     0 | D:1      | Reached XP level 1. HP: 14/14 MP: 1/1
   135 | D:1      | Reached XP level 2. HP: 12/19 MP: 2/2
   491 | D:1      | Found a faded altar of an unknown god.
   871 | D:2      | Reached XP level 3. HP: 19/23 MP: 3/3
  1038 | D:2      | Noticed Natasha
  1212 | D:2      | Killed Natasha
  1253 | D:2      | Noticed Natasha
  1508 | D:2      | Reached XP level 4. HP: 22/28 MP: 4/4
  2099 | D:2      | Killed Natasha
  2100 | D:2      | Reached skill level 3 in Maces & Flails
  2127 | D:2      | Reached XP level 5. HP: 32/32 MP: 5/5
  2437 | D:3      | Found a radiant altar of Vehumet.
  2536 | D:3      | Identified the +10 flail "Cuhes" {vorpal, Fly}
  2699 | D:3      | Found a white marble altar of Elyvilon.
  2967 | D:4      | Reached skill level 1 in Dodging
  2996 | D:4      | Noticed Sigmund
  3003 | D:4      | Killed Sigmund
  3004 | D:4      | Reached skill level 4 in Maces & Flails
  3004 | D:4      | Reached skill level 5 in Armour
  3004 | D:4      | Reached XP level 6. HP: 38/38 MP: 6/6
  3319 | D:4      | Reached skill level 5 in Maces & Flails
  3521 | D:4      | Found a blossoming altar of Fedhas.
  3621 | D:4      | Found a runed translucent gate.
  3622 | D:4      | Found a runed translucent gate.
  3622 | D:4      | Found a runed translucent gate.
  3625 | D:4      | Noticed crazypyro's ghost (amateur DsBr)
  3625 | D:4      | Noticed SnakkuSnakku7's ghost (amateur TeEn)
  3634 | D:4      | Reached XP level 7. HP: 43/43 MP: 7/7
  3791 | D:4      | Killed SnakkuSnakku7's ghost
  3802 | D:4      | Killed crazypyro's ghost
  3803 | D:4      | Reached skill level 6 in Maces & Flails
  3890 | D:5      | Entered Level 5 of the Dungeon
  3961 | D:5      | Reached XP level 8. HP: 47/48 MP: 8/8
  4061 | D:5      | Noticed a yak
  4061 | D:5      | Noticed a yak
  4061 | D:5      | Noticed a yak
  4061 | D:5      | Noticed a yak
  4061 | D:5      | Noticed a yak
  4066 | D:5      | Killed a yak
  4070 | D:5      | Killed a yak
  4071 | D:5      | Reached skill level 7 in Maces & Flails
  4194 | D:4      | Killed a yak
  4195 | D:4      | Reached skill level 5 in Fighting
  4212 | D:4      | Slain by a yak

Illustrated notes

Levels and vault maps discovered:
D:1:      tarquinn_simple_flora_water_e, layout_basic,
          shapermc_ecumenical_altar_venn, due_unseen_surprise
D:2:      layout_rooms, minmay_misc_feat_secret_circle, glass_columns_b,
          uniq_natasha
D:3:      layout_basic, general_overflow_altar, mainiacjoe_overflow_tiny_flanked
D:4:      layout_loops_ring, mainiacjoe_overflow_paths,
          gammafunk_ghost_cemetery, uniq_sigmund
D:5:      layout_cave_pools, gammafunk_ghost_nasty_kobolds, minmay_circle_x

Skill      XL: |  1  2  3  4  5  6  7  8 |
---------------+-------------------------+-----
Armour         | 4 5 6 |  6.9
Maces & Flails | 3 4 5 6 7 |  7.6
Dodging        | 1 2 |  2.3
Fighting       | 4 5 |  5.0
Shields        | 4 |  4.8

Action                   |  1- 3 |  4- 6 |  7- 9 || total
-------------------------+-------+-------+-------++-------
Melee: Flail             |   108 |   115 |    57 ||   280
  Use: Scroll            |     1 |     3 |     3 ||     7
       Potion            |       |     1 |     4 ||     5
Armor: Scale mail        |    50 |    65 |    54 ||   169
Dodge: Dodged            |    64 |    58 |    51 ||   173
Block: Buckler           |    27 |    21 |    25 ||    73
